 Dungeon Crawl Stone Soup version 0.28-a0-819-g6ef7baa362 (webtiles) character file.

Game seed: 17999822817647181124

2856 siradein the Blocker (level 9, -14/81 HPs)
             Began as a Minotaur Fighter on Nov 9, 2021.
             Demolished by an orc knight (19 damage)
             ... in a bailey.
             The game lasted 00:27:37 (6914 turns).

siradein the Blocker (Minotaur Fighter)             Turns: 6914, Time: 00:27:38

Health: -14/81     AC: 16    Str: 23    XL:     9   Next: 46%
Magic:  8/8        EV:  7    Int:  9    God:
Gold:   401        SH: 17    Dex: 21    Spells: 8/8 levels left

rFire   . . .      SeeInvis +   a - +0 long sword
rCold   x . .      Faith    .   D - +0 tower shield
rNeg    . . .      Spirit   .   G - +0 swamp dragon scales
rPois   +          Reflect  .   (helmet restricted)
rElec   .          Harm     .   y - +2 cloak
rCorr   .          Rampage  .   (no gloves)
Will    .....                   C - +2 pair of boots "Meofaiz" {rC- Int+4 Dex+4}
Stlth   +.........              (no amulet)
HPRegen 0.23/turn               q - ring of see invisible
MPRegen 0.11/turn               v - +6 ring of dexterity

@: very slightly contaminated, invisible
A: horns 2, retaliatory headbutt
a: no special abilities


You were in a bailey.
You visited 1 branch of the dungeon, and saw 7 of its levels.
You also visited: Bailey.

You collected 401 gold pieces.

Inventory:

Hand Weapons
 a - a +0 long sword (weapon)
Missiles
 j - 2 boomerangs
 s - 3 atropa-tipped darts
 w - 2 poisoned darts (quivered)
 F - 5 javelins
Armour
 c - a +0 buckler
 y - a +2 cloak (worn)
 C - the +2 pair of boots "Meofaiz" (worn) {rC- Int+4 Dex+4}
   (You found it on level 5 of the Dungeon)

   Int:       It affects your intelligence (+4).
   Dex:       It affects your dexterity (+4).
   rC:        It makes you vulnerable to cold.
 D - a +0 tower shield (worn)
 G - +0 swamp dragon scales (worn)
Jewellery
 q - a ring of see invisible (left hand)
 t - a ring of protection from cold
 v - a +6 ring of dexterity (right hand)
Wands
 r - a wand of flame (21)
 B - a wand of digging (1)
Scrolls
 b - 2 scrolls of blinking {unknown}
 e - 2 scrolls of enchant weapon {unknown}
 f - 2 scrolls of identify
 h - a scroll of summoning
 i - a scroll of brand weapon {unknown}
 k - 2 scrolls of teleportation {unknown}
 l - a scroll of immolation {unknown}
 x - a scroll of fear {unknown}
 A - a scroll of amnesia {unknown}
 E - a scroll of noise {unknown}
Potions
 d - a potion of might
 g - 2 potions of magic
 m - 4 potions of haste
 n - a potion of invisibility
 o - 2 potions of brilliance
 p - a potion of curing {unknown}
 u - a potion of flight {unknown}
 z - a potion of mutation {unknown}
 H - a potion of resistance {unknown}


   Skills:
 + Level 8.0 Fighting
 + Level 7.5 Long Blades
 + Level 5.4 Throwing
 + Level 8.0 Armour
 + Level 8.0 Shields


You had 8 spell levels left.
You didn't know any spells.
Your spell library contained the following spells:

 Spells                   Type           Power      Damage    Failure   Level
 Magic Dart               Conj           0%         1d3       99%         1
 Blink                    Tloc           0%         N/A       100%        2
 Call Imp                 Summ           0%         N/A       100%        2
 Corpse Rot               Necr/Air       0%         N/A       100%        2
 Conjure Flame            Conj/Fire      0%         6-21      100%        3
 Ignite Poison            Fire/Tmut/Pois 0%         N/A       100%        3
 Lesser Beckoning         Tloc           0%         N/A       100%        3
 Mephitic Cloud           Conj/Pois/Air  0%         N/A       100%        3
 Dispel Undead            Necr           0%         3d6       100%        4
 Sticky Flame             Conj/Fire      0%         2d3       100%        4
 Summon Lightning Spire   Summ/Air       0%         N/A       100%        4
 Manifold Assault         Tloc           0%         N/A       100%        5
 Conjure Ball Lightning   Conj/Air       0%         3x3d6     100%        6
 Death Channel            Necr           0%         N/A       100%        6
 Dispersal                Tloc           0%         N/A       100%        6
 Storm Form               Tmut/Air       0%         N/A       100%        7
 Discord                  Hex            0%         N/A       100%        8
 Disjunction              Tloc           0%         N/A       100%        8
 Maxwell's Capacitive Co  Air            0%         ∞         100%        8


Dungeon Overview and Level Annotations

Branches:
Dungeon (7/15)             Bailey (1/1)
 Temple: D:4-7

Altars:
Gozag
Hepliaklqana
Vehumet
Zin

Shops:
D:5 *

Annotations:
D:6 Sigmund


Innate Abilities, Weirdness & Mutations

You have a pair of horns on your head.
You reflexively headbutt those who attack you in melee.


Message History

Items here: )) [[.
There is an empty arch of ancient stone here.
The orc knight hits you from afar with a +0 glaive!
The orc knight hits you from afar with a +0 glaive!!
* * * LOW HITPOINT WARNING * * *
There is a gate leading back out of this place here.
The orc knight barely misses you. The orc knight barely misses you.
The orc shouts!
The orc reads a scroll.
Wisps of shadow swirl around the orc.
The orc shouts!
The orc warrior shouts!
The orc throws a boomerang.
You block the boomerang.
You fade into invisibility!
You block the orc knight's attack.
The orc throws a boomerang.
The boomerang closely misses the orc.
You block the boomerang.
The orc warrior throws a boomerang.
The boomerang closely misses the orc.
You block the boomerang.
You are very lightly contaminated with residual magic.
The orc hits you but does no damage.
The orc priest calls down the wrath of Beogh upon something.
The orc writhes in agony!
The orc dies!
The orc's corpse dissolves into shadows!
You see here a poisoned dart.
There is an open door here.
You hit the orc warrior.
You headbutt the orc warrior, but do no damage.
The orc warrior is moderately wounded.
You block the orc knight's attack. You block the orc's attack.
You block the orc warrior's attack.
You strike the helpless orc warrior from behind!
You hit the orc warrior. Your headbutt misses the orc warrior.
The orc warrior is moderately wounded.
The orc knight hits you from afar with a +0 glaive!
* * * LOW HITPOINT WARNING * * *
The orc hits you but does no damage. You block the orc warrior's attack.
The orc priest mumbles some strange prayers to Beogh against you.
The orc warrior writhes in agony!
You block the orc warrior's attack.
The orc knight hits you from afar with a +0 glaive!!
You die...

####### ############
#####.....## ##...).)..∩.##
...#.......######....).).....#
...'......)#)ooo#.....)).....#
...'......))oooo@(o..))))...∩#
...'.......#)ooo#......)))...#
...#.......######............#
#####.....## ##........∩.##
####### ############


You could see an orc knight (poisoned), 2 orc warriors, 2 orc priests, an orc
wizard (summoned) and 5 orcs.

Vanquished Creatures
  Maggie (D:6)
  Eustachio (D:4)
  5 orc warriors (Bailey)
  3 sky beasts
  2 black bears
  A necrophage (D:7)
  3 ice beasts (D:5)
  An ogre (D:5)
  A phantom (D:5)
  A bullfrog (D:6)
  A scorpion (D:5)
  A wyvern skeleton (D:5)
  A water moccasin zombie (D:6)
  2 water moccasin skeletons (D:4)
  3 hounds
  A jelly (D:6)
  A bullfrog skeleton (D:6)
  2 gnoll shamans
  An iguana (D:5)
  4 orc wizards
  A scorpion zombie (D:5)
  A hound zombie (D:5)
  A hound skeleton (D:4)
  Robin (D:2)
  6 adders
  6 gnolls
  A worm (D:3)
  5 dart slugs
  40 orcs
  3 ball pythons
  6 endoplasms
  4 giant cockroaches
  19 goblins
  12 hobgoblins
  6 jackals (D:4)
  3 quokkas
  4 bats
  A frilled lizard (D:2)
  6 kobolds
  3 rats
165 creatures vanquished.

Notes
Turn   | Place    | Note
-------+----------+-------------------------------------------
     0 | D:1      | siradein the Minotaur Fighter began the quest for the Orb.
     0 | D:1      | Reached XP level 1. HP: 19/19 MP: 0/0
   189 | D:1      | Reached XP level 2. HP: 11/27 MP: 1/1
  1067 | D:1      | Found a faded altar of an unknown god.
  1325 | D:2      | Noticed Robin
  1359 | D:1      | Reached XP level 3. HP: 19/33 MP: 2/2
  1497 | D:2      | Killed Robin
  1985 | D:2      | Reached XP level 4. HP: 40/41 MP: 3/3
  3062 | D:3      | Reached XP level 5. HP: 46/47 MP: 4/4
  3194 | D:3      | Reached skill level 1 in Throwing
  3557 | D:4      | Found a radiant altar of Vehumet.
  3749 | D:4      | Reached skill level 5 in Shields
  3749 | D:4      | Reached XP level 6. HP: 48/55 MP: 5/5
  3785 | D:4      | Reached skill level 5 in Armour
  3897 | D:4      | Reached skill level 5 in Fighting
  4066 | D:4      | Found an opulent altar of Gozag.
  4106 | D:4      | Noticed Eustachio
  4126 | D:4      | Killed Eustachio
  4415 | D:4      | Found a hazy altar of Hepliaklqana.
  4464 | D:4      | Found a glowing silver altar of Zin.
  4526 | D:5      | Entered Level 5 of the Dungeon
  4550 | D:5      | Reached XP level 7. HP: 61/61 MP: 6/6
  4617 | D:5      | Reached skill level 5 in Long Blades
  5019 | D:5      | Identified the +2 pair of boots "Meofaiz" {rC- Int+4 Dex+4}
  5083 | D:5      | Reached XP level 8. HP: 70/70 MP: 7/7
  5160 | D:5      | Found Sano's General Store.
  5455 | D:6      | Noticed Maggie
  5478 | D:6      | Killed Maggie
  5685 | D:6      | Reached XP level 9. HP: 74/79 MP: 8/8
  5779 | D:6      | Noticed Sigmund
  5907 | D:7      | Found a flagged portal.
  5923 | D:7      | Reached skill level 5 in Throwing
  6025 | Bailey   | Entered a bailey
  6876 | Bailey   | Noticed an orc knight
  6914 | Bailey   | Demolished by an orc knight

Illustrated notes

Levels and vault maps discovered:
D:1:      psy_arrival_radial01, layout_basic,
          shapermc_ecumenical_altar_mp_urbaneastern
D:2:      layout_basic, dk_vineyard_1, uniq_robin
D:3:      layout_basic
D:4:      layout_cave_pools, pdpol_temple_overflow_zin_treasury_gozag_greed,
          nicolae_hepliaklqana_hippocampus, vehumet_crystals, uniq_eustachio
D:5:      layout_basic, serial_shops, shop_statue
D:6:      layout_loops_ring, minmay_temple_entry_tees, uniq_crazy_yiuf_cottage,
          uniq_sigmund, uniq_maggie
D:7:      layout_rooms, enter_bailey_3, kennysheep_dice
Bailey:   bailey_polearm_5, bailey

Skill      XL: |  1  2  3  4  5  6  7  8  9 |
---------------+----------------------------+-----
Fighting       | 4 5 6 7 8 |  8.0
Shields        | 4 5 6 7 8 |  8.0
Armour         | 4 5 6 7 8 |  8.0
Long Blades    | 3 4 5 6 7 |  7.5
Throwing       | 1 2 3 4 5 |  5.4

Action                   |  1- 3 |  4- 6 |  7- 9 || total
-------------------------+-------+-------+-------++-------
Melee: Long sword        |    89 |   135 |   209 ||   433
       Headbutt          |    12 |    28 |    77 ||   117
Throw: Dart              |       |       |    19 ||    19
       Boomerang         |       |       |     3 ||     3
  Use: Potion            |       |       |     4 ||     4
       Scroll            |       |       |     3 ||     3
 Stab: Invisible         |       |       |     1 ||     1
Armor: Scale mail        |    37 |    24 |       ||    61
       Chain mail        |       |    43 |    55 ||    98
       Swamp dragon scal |       |       |    91 ||    91
Dodge: Dodged            |    48 |    54 |    88 ||   190
Block: Buckler           |    20 |    38 |    16 ||    74
       Tower shield      |       |       |   253 ||   253

Table legend: (Time is in decaauts)
 A = Elapsed time spent in this place.
 B = Non-inter-level travel time spent in this place.
 C = Inter-level travel time spent in this place.
 D = Time resting spent in this place.
 E = Time spent auto-exploring this place.
 F = Levels seen in this place.
 G = Mean time per level.
                   A        B        C        D        E       F      G
               +--------+--------+--------+--------+--------+-----+--------+
         Total |   7037 |   6931 |    106 |    857 |   4684 |   8 |  879.6 |
       Dungeon |   6126 |   6020 |    106 |    266 |   4612 |   7 |  875.1 |
        Bailey |    910 |    910 |      0 |    591 |     72 |   1 |  910.0 |
               +--------+--------+--------+--------+--------+-----+--------+

Top non-repeatable levels by time:
     D:1: 1394 daAuts
     D:3: 1190 daAuts
     D:4: 1028 daAuts
     D:2: 958 daAuts
  Bailey: 910 daAuts
     D:5: 803 daAuts
     D:6: 541 daAuts
     D:7: 208 daAuts
